 Dungeon Crawl Stone Soup version 0.26.0-10-g1f06aea511 (webtiles) character file.

Game seed: 17780375170504205619

5 sanka the Sneak (level 1, -5/18 HPs)
             Began as a Deep Dwarf Enchanter on Jan 20, 2021.
             Slain by a gnoll
             ... wielding a +0 spear
              (6 damage)
             ... on level 1 of the Dungeon.
             The game lasted 00:00:53 (141 turns).

sanka the Sneak (Deep Dwarf Enchanter)               Turns: 141, Time: 00:00:54

Health: -5/18      AC:  2    Str: 11    XL:     1   Next: 66%
Magic:  1/3        EV: 12    Int: 15    God:
Gold:   3          SH:  0    Dex: 13    Spells: 2/3 levels left

rFire    . . .     SeeInvis .   a - +1 dagger
rCold    . . .     Faith    .   (no shield)
rNeg     . . .     Spirit   .   b - +0 robe
rPois    .         Reflect  .   (no helmet)
rElec    .         Harm     .   (no cloak)
rCorr    .         Rampage  .   (no gloves)
Will     .....                  (no boots)
Stlth    +++.......             (no amulet)
HPRegen  0.00/turn              c - ring of stealth
MPRegen  0.08/turn              (no ring)

@: very slightly contaminated, non-regenerating
A: damage resistance, heal wounds, sense surroundings 1, no regeneration
a: Heal Wounds


You were on level 1 of the Dungeon.
You visited 1 branch of the dungeon, and saw 1 of its levels.

You collected 3 gold pieces.


Innate Abilities, Weirdness & Mutations

You are resistant to damage.
You can heal yourself by infusing magical energy.
You passively map a small area around you.
You do not regenerate.


   Skills:
 + Level 1.1 Fighting
 - Level 0.8 Short Blades
 - Level 2.1 Dodging
 - Level 3.6 Stealth
 - Level 1.7 Spellcasting
 - Level 2.4 Hexes


You had 2 spell levels left.
You knew the following spells:

 Your Spells              Type           Power        Failure   Level
Z - Corona                Hex            8%           9%          1

Your spell library contained the following spells:

 Spells                   Type           Power        Failure   Level
 Ensorcelled Hibernation  Hex/Ice        8%           22%         2
 Confusing Touch          Hex            8%           26%         3
 Tukima's Dance           Hex            8%           26%         3
 Dazzling Flash           Conj/Hex       8%           38%         3

Inventory:

Hand Weapons
 a - a +1 dagger (weapon)
Armour
 b - a +0 robe (worn)
Jewellery
 c - a ring of stealth (left hand)
Potions
 d - a potion of attraction {unknown}
 e - a potion of cancellation {unknown}
 f - a potion of resistance {unknown}

Dungeon Overview and Level Annotations

Branches:
Dungeon (1/15)

Altars:

, ▒.. ▒.▒ , ...., ,
▒..▒▒.▒ ░ ░....
▒▒▒▒..▒..▒▒ ░ ▒... ░
▒▒▒▒.....)..†. ▒▒▒...
▒........▒.▒▒▒
▒.....▒▒▒▒▒.▒▒▒▒▒....▒
░............▒ ▒.▒..▒
.......b....▒ ▒.▒..▒
░......gg....▒ ▒.▒..▒
......▒▒▒▒..▒▒▒▒▒.▒..▒
.▒▒......†...........▒
▒▒▒▒▒▒▒▒.▒▒▒.▒▒▒▒.▒▒ ░
▒.▒ ▒......▒ ▒.▒
▒▒▒▒▒▒▒▒ ░ ░ ░░▒.▒ ,
,,..▒ ░ ░ ▒▒▒


You could see a gnoll (corona) and a bat.


Message History

A rat and a gnoll come into view.
You hit the rat.
You kill the rat!
No target in view!
A bat comes into view.
The gnoll shouts!
The bat moves out of view.
The gnoll hits you from afar with a +0 spear!
Aiming: Corona (safe; 9% risk of failure)
Aim: a gnoll, wielding a +0 spear (chance to affect: 51%)
You miscast Corona.
You are very lightly contaminated with residual magic.
Nothing appears to happen.
The gnoll closely misses you.
Aiming: Corona (safe; 9% risk of failure)
Aim: a gnoll, wielding a +0 spear (chance to affect: 51%)
The gnoll is outlined in light.
The gnoll hits you from afar with a +0 spear.
* * * LOW HITPOINT WARNING * * *
The gnoll hits you with a +0 spear!
* * * LOW HITPOINT WARNING * * *
Unknown command.
Use which ability? (? or * to list)
You fail to use your ability.
The bat hits you. The gnoll barely misses you.
Use which ability? (? or * to list)
You fail to use your ability.
The gnoll hits you with a +0 spear!
You die...

Action                   || total
-------------------------++-------
Melee: Dagger            ||    10
 Cast: Corona            ||     5
 Abil: Heal Wounds       ||     1
Armor: Robe              ||     1
Dodge: Dodged            ||     6

Levels and vault maps discovered:
D:1:      doesnt_arrival_eight_statues, layout_loops_ring

Notes
Turn   | Place    | Note
-------+----------+-------------------------------------------
     0 | D:1      | sanka the Deep Dwarf Enchanter began the quest for the Orb.
     0 | D:1      | Reached XP level 1. HP: 15/15 MP: 3/3
    76 | D:1      | Reached skill level 1 in Fighting
   139 | D:1      | HP: 1/18 [gnoll/+0 spear (8)]
   141 | D:1      | Slain by a gnoll

Vanquished Creatures
  2 goblins (D:1)
  A hobgoblin (D:1)
  A kobold (D:1)
  A rat (D:1)
5 creatures vanquished.

Table legend: (Time is in decaauts)
 A = Elapsed time spent in this place.
 B = Non-inter-level travel time spent in this place.
 C = Inter-level travel time spent in this place.
 D = Time resting spent in this place.
 E = Time spent auto-exploring this place.
 F = Levels seen in this place.
 G = Mean time per level.
                   A        B        C        D        E       F      G
               +--------+--------+--------+--------+--------+-----+--------+
         Total |    140 |    140 |      0 |     32 |     52 |   1 |  140.0 |
       Dungeon |    140 |    140 |      0 |     32 |     52 |   1 |  140.0 |
               +--------+--------+--------+--------+--------+-----+--------+

Top non-repeatable levels by time:
     D:1: 140 daAuts
